 Dungeon Crawl Stone Soup version 0.26.1-11-gd32895ea62 (webtiles) character file.

Game seed: 5967275629440064140

261 Almogavar the Magician (level 5, 0/37 HPs)
             Began as a Demonspawn Hedge Wizard on July 16, 2021.
             Killed by divine providence
             ... invoked by an orc priest
              (12 damage)
             ... on level 4 of the Dungeon.
             The game lasted 00:15:48 (6308 turns).

Almogavar the Magician (Demonspawn Hedge Wizard)    Turns: 6308, Time: 00:15:49

Health: 0/37       AC:  3    Str: 11    XL:     5   Next: 96%
Magic:  7/11       EV: 13    Int: 21    God:
Gold:   197        SH:  0    Dex: 12    Spells: 11/12 levels left

rFire    + . .     SeeInvis .   m - +2 hunting sling of Dithmenos's Whim {flame, +Blink}
rCold    + + .     Faith    .   (no shield)
rNeg     . . .     Spirit   .   b - +0 robe
rPois    .         Reflect  .   c - +1 hat
rElec    .         Harm     .   o - scarf {rC+ rF+}
rCorr    .         Rampage  .   (no gloves)
Will     .....                  (no boots)
Stlth    ++........             v - amulet of Ahig {Inacc rC+ Int+5}
HPRegen  0.12/turn              (no ring)
MPRegen  0.12/turn              (no ring)

@: no status effects
A: antennae 1
a: Evoke Blink


You were on level 4 of the Dungeon.
You visited 1 branch of the dungeon, and saw 4 of its levels.
You also visited: Sewer.

You collected 197 gold pieces.

Inventory:

Hand Weapons
 i - a +0 dagger of freezing
 k - a +4 antimagic short sword
 m - the +2 hunting sling of Dithmenos's Whim (weapon) {flame, +Blink}
   (You found it on level 4 of the Dungeon)

   It causes projectiles fired from it to burn those they strike, causing extra
   injury to most foes and up to half again as much damage against particularly
   susceptible opponents.
   It lets you blink.
Armour
 a - a +0 cloak
 b - a +0 robe (worn)
 c - a +1 hat (worn)
 d - a +0 leather armour
 j - a +0 ring mail of cold resistance
 o - a scarf of resistance (worn)
 w - a +0 pair of gloves
Jewellery
 v - the amulet of Ahig (around neck) {Inacc rC+ Int+5}
   (You found it on level 4 of the Dungeon)

   [amulet of inaccuracy]

   It reduces the accuracy of all your attacks.
   It affects your intelligence (+5).
   It protects you from cold.
Scrolls
 p - a scroll of teleportation
 u - a scroll of fear
Potions
 e - 5 potions of curing
 f - a potion of ambrosia
 g - a potion of mutation {unknown}
 h - 2 potions of resistance
 l - a potion of attraction {unknown}
 n - 8 potions of heal wounds {unknown}
 q - a potion of might
 r - a potion of brilliance {unknown}
 s - a potion of flight {unknown}
 t - a potion of lignification {unknown}


   Skills:
 + Level 1.2 Fighting
 + Level 1.7 Short Blades
 + Level 2.7 Dodging
 + Level 2.6 Stealth
 + Level 4.2 Spellcasting
 + Level 2.7 Conjurations
 + Level 1.0 Summonings
 + Level 0.8 Translocations


You had 11 spell levels left.
You knew the following spells:

 Your Spells              Type           Power        Failure   Level
a - Magic Dart            Conj           60%          3%          1

Your spell library contained the following spells:

 Spells                   Type           Power        Failure   Level
 Blink                    Tloc           N/A          12%         2
 Call Imp                 Summ           8%           12%         2
 Slow                     Hex            4%           19%         2
 Conjure Flame            Conj/Fire      10%          21%         3
 Mephitic Cloud           Conj/Pois/Air  8%           24%         3


Dungeon Overview and Level Annotations

Branches:
Dungeon (4/15)              Sewer (visited)
 Temple: D:4-7

Altars:
Ashenzari


Innate Abilities, Weirdness & Mutations

You have a pair of small antennae on your head.


Message History

The orc wizard casts a spell.
The orc wizard blinks!
The orc priest miscasts a cantrip.
The orc barely misses you. The orc barely misses you.
The orc priest calls down the wrath of Beogh upon you.
Beogh smites you! The orc closely misses you. The orc completely misses you.
The orc wizard mumbles some strange words.
The orc wizard seems to speed up.
The orc barely misses you.
The orc wizard gestures wildly while chanting.
The orc wizard blinks!
The orc barely misses you.
You feel yourself speed up. The orc hits you but does no damage.
The orc hits you with a +0 flail! The orc hits you with a +0 flail!
The orc priest mumbles some strange prayers to Beogh against you.
Beogh smites you!
You die...

#o.# #.## ##.# #o##
#o# ##### ##.# ....##
#o## .....# #.# .....#
##@# .....# #.######
.....# ###......#
.....# ###........#
....## ###.....[....#
....## ##............#
.....###.............#
...#..#..............#
...##................#


You could see an orc priest, an orc wizard (fast) and an orc (fast).

Vanquished Creatures
  An orc priest (D:4)
  2 orc wizards (D:4)
  5 adders
  4 river rats (Sewer)
  A worm (D:3)
  2 dart slugs
  An orc (D:4)
  7 bats
  4 giant cockroaches
  4 goblins
  4 hobgoblins
  3 jackals (D:2)
  21 kobolds
  9 ball pythons
  A frilled lizard (D:3)
  34 rats
103 creatures vanquished.

Notes
Turn   | Place    | Note
-------+----------+-------------------------------------------
     0 | D:1      | Almogavar the Demonspawn Hedge Wizard began the quest for
                  | the Orb.
     0 | D:1      | Reached XP level 1. HP: 13/13 MP: 4/4
   268 | D:1      | Gained mutation: You have a pair of small antennae on your
                  | head. [demonic ancestry]
   268 | D:1      | Reached XP level 2. HP: 6/19 MP: 0/6
  1501 | D:1      | Reached XP level 3. HP: 24/24 MP: 0/7
  2404 | D:2      | Reached XP level 4. HP: 23/31 MP: 4/9
  2695 | D:3      | Found a broken altar of Ashenzari.
  2699 | D:3      | Reached skill level 1 in Short Blades
  3153 | D:3      | Found a glowing drain.
  3170 | Sewer    | Entered a sewer
  4463 | Sewer    | Reached skill level 4 in Spellcasting
  4463 | Sewer    | Reached XP level 5. HP: 26/36 MP: 3/11
  5385 | D:3      | Reached skill level 1 in Fighting
  6214 | D:4      | Got a steaming hunting sling
  6233 | D:4      | Got a heavily runed pewter amulet
  6239 | D:4      | Identified the amulet of Ahig {Inacc rC+ Int+5} (You found
                  | it on level 4 of the Dungeon)
  6239 | D:4      | Identified the +2 hunting sling of Dithmenos's Whim {flame,
                  | +Blink} (You found it on level 4 of the Dungeon)
  6308 | D:4      | Killed from afar by an orc priest

Illustrated notes

Levels and vault maps discovered:
D:1:      lemuel_arrival_hallway, layout_rooms, kennysheep_small_spiral,
          minmay_rat_gold_closets
D:2:      layout_loops_cross, minivault_19
D:3:      layout_rooms, evilmike_ruin_ashenzari, cheibrodos_sewer_entry_bend,
          chequers_arboretum
D:4:      layout_cave_pods, minmay_temple_entry_junction,
          kennysheep_windowed_goal, uniq_natasha

Skill      XL: |  1  2  3  4  5 |
---------------+----------------+-----
Dodging        | 2 |  2.7
Stealth        | 2 |  2.6
Short Blades   | 1 |  1.7
Conjurations   | 2 |  2.7
Spellcasting   | 4 |  4.2
Fighting       | 1 |  1.2
Summonings     | |  1.0
Translocations | |  0.8

Action                   |  1- 3 |  4- 6 || total
-------------------------+-------+-------++-------
Melee: Dagger            |    82 |    24 ||   106
       Short sword       |       |    79 ||    79
 Cast: Magic Dart        |    81 |   119 ||   200
  Use: Scroll            |       |     8 ||     8
       Potion            |       |     2 ||     2
 Stab: Sleeping          |     5 |     2 ||     7
Armor: Robe              |    27 |    20 ||    47
Dodge: Dodged            |    67 |    88 ||   155
